 Dungeon Crawl Stone Soup version 0.25-a0-353-ged6d54792d (webtiles) character file.

Game seed: 8258837679161749869, levelgen mode: deterministic

93221 songhyekyo the Fighter (level 16, 0/155 HPs)
             Began as a Naga Venom Mage on Jan 2, 2020.
             Was the Champion of Cheibriados.
             Shot with an arrow by a naga sharpshooter (5 damage)
             ... on level 1 of the Snake Pit.
             The game lasted 02:03:14 (35959 turns).

songhyekyo the Fighter (Naga Venom Mage)           Turns: 35959, Time: 02:03:15

Health: 0/155      AC: 25    Str: 32    XL:     16   Next: 8%
Magic:  22/29      EV: 10    Int: 35    God:    Cheibriados [******]
Gold:   1400       SH: 19    Dex: 31    Spells: 14/34 levels left

rFire    + + .     SeeInvis +   a - +8 flail "Vomus" {crush, rPois Str+4}
rCold    . . .     Gourm    .   S - +0 shield
rNeg     . . .     Faith    .   Y - +1 chain mail {rF+}
rPois    +         Spirit   .   m - +1 helmet
rElec    .         Reflect  +   E - +0 cloak
rCorr    .         Harm     .   (no gloves)
MR       ++...                  X - +0 naga barding
Stlth    ++........             d - +5 amulet of reflection
HPRegen  0.35/turn              M - +4 ring of intelligence
MPRegen  0.21/turn              C - ring of protection from fire

@: lethally poisoned (0 -> -2), very slightly contaminated, very slow
A: large, rugged brown scales 1, see invisible, deformed body, poison
resistance, slowness 2, slow metabolism 1, spit poison 1, MP-powered wands,
constrict 1, AC +5
a: Spit Poison, Bend Time, Temporal Distortion, Slouch, Step From Time, Renounce
Religion


You were on level 1 of the Snake Pit.
You worshipped Cheibriados.
Cheibriados was exalted by your worship.
You were not hungry.

You visited 4 branches of the dungeon, and saw 24 of its levels.
You also visited: Sewer and Ossuary.

You collected 2705 gold pieces.
You spent 1305 gold pieces at shops.

Inventory:

Hand Weapons
 a - the +8 flail "Vomus" (weapon) {crush, rPois Str+4}
   (You found it on level 4 of the Dungeon)

   It inflicts extra damage upon your enemies.
   It affects your strength (+4).
   It protects you from poison.
 b - a +1 war axe of flaming
 p - a +0 broad axe
Missiles
 H - 4 throwing nets
 K - 51 poisoned darts
 N - 32 boomerangs (quivered)
 U - 6 curare-tipped darts
Armour
 m - a +1 helmet (worn)
 B - a +2 plate armour of cold resistance
 E - a +0 cloak (worn)
 J - a +2 large shield of poison resistance
 S - a +0 shield (worn)
 X - a +0 naga barding (worn)
 Y - a +1 chain mail of fire resistance (worn)
Jewellery
 d - a +5 amulet of reflection (around neck)
 C - a ring of protection from fire (right hand)
 M - a +4 ring of intelligence (left hand)
 W - an uncursed ring of fire
 Z - an uncursed ring of fire
Wands
 o - a wand of iceblast (4)
 v - a wand of enslavement (2)
 D - a wand of paralysis (5)
Scrolls
 f - 3 scrolls of identify
 g - 6 scrolls of teleportation
 j - 11 scrolls of remove curse
 n - 3 scrolls of amnesia
 s - 3 scrolls of enchant weapon
 t - 3 scrolls of blinking
 y - a scroll of summoning
 F - 2 scrolls of fog
 O - a scroll of fear
Potions
 e - 12 potions of curing
 h - a potion of resistance
 k - 8 potions of haste
 l - 5 potions of might
 q - 4 potions of heal wounds
 u - 3 potions of invisibility
 w - 2 potions of magic
 x - 5 potions of flight
 z - 7 potions of brilliance
 A - 4 potions of lignification
 G - 2 potions of cancellation
 I - 2 potions of agility
 T - a potion of ambrosia
Miscellaneous
 i - 3 phantom mirrors
 L - a phial of floods
Comestibles
 c - 38 rations


   Skills:
 * Level 11.4 Fighting
 * Level 9.4 Axes
 * Level 11.2 Armour
 - Level 5.5 Dodging
 - Level 7.9 Stealth
 * Level 7.2 Shields
 + Level 9.8 Spellcasting
 - Level 3.0 Conjurations
 - Level 4.1 Charms
 - Level 4.1 Necromancy
 - Level 2.0 Translocations
   Level 1.1 Transmutations
 - Level 3.0 Fire Magic
 - Level 2.2 Air Magic
 - Level 9.3 Poison Magic
 - Level 9.0 Invocations


You had 14 spell levels left.
You knew the following spells:

 Your Spells              Type           Power        Failure   Level  Hunger
a - Apportation           Tloc           ####..       5%          1    None
b - Poisonous Vapours     Pois/Air       ######       1%          2    None
c - Blink                 Tloc           N/A          9%          2    None
d - Conjure Flame         Conj/Fire      #####...     11%         3    None
e - Olgreb's Toxic Radia  Pois           ######..     2%          4    None
f - Mephitic Cloud        Conj/Pois/Air  ######..     5%          3    None
g - Song of Slaying       Chrm           #####...     3%          2    None
h - Regeneration          Chrm/Necr      #####.....   7%          3    None

Your spell library contained the following spells:

 Spells                   Type           Power        Failure   Level  Hunger
 Sting                    Tmut/Pois      ####         1%          1    None
 Animate Skeleton         Necr           N/A          2%          1    None
 Infusion                 Chrm           ####         2%          1    None
 Magic Dart               Conj           ####         3%          1    None
 Shroud of Golubria       Chrm/Tloc      #####.       5%          2    None
 Ignite Poison            Fire/Tmut/Pois #####...     6%          3    None
 Confusing Touch          Hex            ###...       13%         1    None
 Summon Butterflies       Summ           ###.....     13%         1    None
 Summon Small Mammal      Summ           ###.         13%         1    None
 Lesser Beckoning         Tloc           ####......   16%         3    None
 Spectral Weapon          Hex/Chrm       ####....     16%         3    None
 Call Imp                 Summ           ###.....     19%         2    None
 Slow                     Hex            ###.....     19%         2    None
 Tukima's Dance           Hex            ###.....     36%         3    None
 Alistair's Intoxication  Tmut/Pois      ######..     38%         5    ##.....
 Invisibility             Hex            ###.....     100%        6    #####..


Dungeon Overview and Level Annotations

Branches:
Dungeon (15/15)            Temple (0/1) D:7            Lair (6/6) D:10
 Shoals (0/4) Lair:2        Snake (1/4) Lair:3        Slime (0/5) Lair:6
    Orc (2/2) D:9             Elf (0/3) Orc:2        Vaults (0/5) D:13
 Depths (0/5) D:15          Sewer (visited)         Ossuary (visited)

Altars:
Ashenzari
Cheibriados
Elyvilon
Hepliaklqana
Qazlal
Sif Muna
Xom
Yredelemnul
The Shining One
Jiyva

Shops:
D:4 :   D:9 (   D:11 =   D:15 ?   Orc:2 !}%(=

Annotations:
D:2 exclusions: 2 downstairs and water moccasin
D:11 3 runed translucent doors, exclusions: 2 downstairs and skeletal warrior, nht's ghost, journeyman TrMo
D:13 exclusion: downstairs
D:14 exclusions: 2 downstairs and 1 more exclusion
Lair:2 3 runed translucent doors, Ilyunwota's ghost, journeyman GnSk
Lair:4 exclusion: 2 oklob plants
Lair:6 3 runed translucent doors, EnegeticOcto's ghost, journeyman OgGl


Innate Abilities, Weirdness & Mutations

You cannot wear boots.
Your serpentine skin is tough. (AC +5)
You have supernaturally acute eyesight. (SInv)
Armour fits poorly on your strangely shaped body.
Your system is resistant to poisons. (rPois)
You cover ground very slowly.
You have a slow metabolism.
You can spit poison.
You can use your snake-like lower body to constrict enemies.
You are partially covered in rugged brown scales. (AC +1, +3% HP)
You expend magic power (3 MP) to strengthen your wands.


Message History

As you read the scroll of teleportation, it crumbles to dust.
You feel strangely unstable.
You feel sick.
Your surroundings suddenly seem different.
The naga sharpshooter gestures wildly while chanting.
The naga sharpshooter magically shoots an arrow.
You reflect the arrow off an invisible shield around you!
The naga ritualist spits poison at you.
The splash of poison hits you but does no damage.
You resist.
The naga sharpshooter casts a spell.
The naga sharpshooter magically shoots a bolt.
The bolt hits you!!
* * * LOW HITPOINT WARNING * * *
The naga warrior spits poison at you. The splash of poison hits you.
You are more poisoned.
You resist.
* * * LOW HITPOINT WARNING * * *
The naga sharpshooter shoots an arrow.
The arrow hits you.
You die...

.......S...#..
...........# S###...#
.. .........>.
#..#...## ..
#.........# ...S.....
..
........#.##.......#+#
........#........+
..........N######
#......N.....
#@..........
##...N......
#N..N......
#N.........
#..........
#..........
###(..........
#.%...........
#††.......


You could see a naga warrior, 2 naga sharpshooters, a naga ritualist and 2
nagas.

Vanquished Creatures
  An orc warlord (Orc:1)
  An ironheart preserver (D:12)
  Nessos (D:14)
  Azrael (Orc:2)
  An ettin (D:15)
  Josephine (Orc:2)
  A naga warrior (Snake:1)
  A catoblepas (Lair:6)
  2 hydras
  A centaur warrior (D:15)
  4 two-headed ogres
  3 anacondas (Snake:1)
  A death knight (D:14)
  A tengu warrior (D:15)
  5 death yaks (Lair:6)
  3 orc high priests
  Nergalle (Lair:3)
  A fire crab (Lair:6)
  4 orc knights
  2 wolf spider zombies
  A deep elf mage (D:14)
  2 manticores
  5 orc sorcerers
  2 mana vipers (Snake:1)
  An oklob plant (Orc:2)
  9 ugly things
  4 cyclopes
  3 elephants (Lair:6)
  6 black mambas
  A guardian serpent (Snake:1)
  A merfolk siren (Lair:2)
  Joseph (D:9)
  22 spiny frogs
  2 gargoyles
  A torpor snail (Lair:3)
  3 centaur skeletons
  3 yaktaurs (D:15)
  3 rime drakes
  An efreet (D:12)
  3 freezing wraiths
  2 hellwings (D:7)
  7 komodo dragons
  5 trolls
  2 polar bears
  3 merfolk (Lair:2)
  4 tyrant leeches (Lair:6)
  A hornet (D:11)
  18 blink frogs (Lair:6)
  4 slime creatures (D:15)
  10 hippogriffs
  4 dream sheep (Lair:3)
  Sigmund (D:3)
  2 shadows
  4 wyverns
  8 wraiths
  4 fire elementals (Orc:1)
  29 yaks
  7 basilisks
  9 vampire mosquitoes
  A hungry ghost (D:15)
  3 wargs (Orc:2)
  3 nagas (Lair:3)
  A steam dragon (D:12)
  Edmund (D:5)
  An acid dragon (D:15)
  A soldier ant (D:11)
  4 hell hounds
  7 water moccasins
  10 porcupines
  27 orc warriors
  2 black bears
  A hornet zombie (D:7)
  3 ice beasts
  A necrophage (D:7)
  4 sky beasts
  4 eyes of draining
  9 ogres
  7 crocodiles
  3 centaurs
  A big kobold (D:11)
  29 bullfrogs
  2 wyvern skeletons
  6 scorpions
  5 wights (D:12)
  9 electric eels
  4 centaur zombies
  14 crimson imps
  A bullfrog zombie (D:10)
  4 jellies
  11 orc priests
  20 orc wizards
  A bullfrog skeleton (D:12)
  A gnoll shaman (D:8)
  7 hounds
  Natasha (thrice) (D:3)
  7 iguanas
  12 worker ants
  A big kobold zombie (Ossuary)
  4 ogre zombies (Ossuary)
  2 hound zombies
  A hound skeleton (D:11)
  7 mummies (Ossuary)
  A worker ant zombie (D:6)
  7 gnolls
  6 adders
  7 shadow imps
  A white imp (D:13)
  8 oozes
  4 adder zombies
  2 adder skeletons
  2 worms
  A dart slug (D:4)
  6 leopard geckos
  84 orcs
  4 ball pythons
  7 giant cockroaches
  6 goblins
  3 hobgoblins
  14 jackals
  3 quokkas
  8 bats
  3 frilled lizards
  A gnoll zombie (Ossuary)
  3 goblin zombies (Ossuary)
  2 hobgoblin zombies (Ossuary)
  A jackal zombie (D:6)
  13 kobolds
  10 kobold zombies (Ossuary)
  A quokka zombie (Ossuary)
  17 rats
  5 rat zombies (Ossuary)
  A butterfly (Lair:3)
710 creatures vanquished.

Vanquished Creatures (collateral kills)
  A kobold demonologist (D:10)
1 creature vanquished.

Vanquished Creatures (others)
  A stone giant (Orc:1)
  A centaur warrior (D:15)
  A yaktaur (D:15)
  A slime creature (D:15)
  A hippogriff (Lair:6)
  2 yaks (Lair:6)
  An eye of draining (D:13)
  A centaur (D:12)
  A bullfrog skeleton (D:13)
  An orc (Orc:2)
  3 bushes (D:10)
  27 fungi
  72 plants
113 creatures vanquished.

Grand Total: 824 creatures vanquished

Notes
Turn   | Place    | Note
-------+----------+-------------------------------------------
     0 | D:1      | songhyekyo the Naga Venom Mage began the quest for the Orb.
     0 | D:1      | Reached XP level 1. HP: 15/15 MP: 3/3
   257 | D:1      | Reached XP level 2. HP: 5/22 MP: 1/5
   502 | D:1      | Learned a level 2 spell: Poisonous Vapours
   795 | D:1      | Reached skill level 5 in Poison Magic
  1053 | D:1      | Reached XP level 3. HP: 28/28 MP: 6/6
  1652 | D:2      | Noticed a water moccasin
  2379 | D:2      | Reached skill level 1 in Fighting
  2425 | D:3      | Reached XP level 4. HP: 38/38 MP: 0/7
  2464 | D:3      | Reached skill level 1 in Armour
  2529 | D:3      | Noticed Sigmund
  2541 | D:3      | Killed Sigmund
  2541 | D:3      | Reached skill level 1 in Axes
  2541 | D:3      | Reached XP level 5. HP: 20/46 MP: 0/8
  2541 | D:3      | Reached XP level 6. HP: 24/55 MP: 0/9
  2667 | D:3      | Found a glowing drain.
  2678 | Sewer    | Entered a sewer
  2984 | D:3      | Noticed Natasha
  2987 | D:3      | Killed Natasha
  3111 | D:3      | Found a basalt altar of Yredelemnul.
  3112 | D:3      | Found a snail-covered altar of Cheibriados.
  3185 | D:3      | Became a worshipper of Cheibriados the Contemplative
  3326 | D:3      | Noticed Natasha
  3330 | D:3      | Killed Natasha
  3747 | D:3      | Noticed Natasha
  3748 | D:3      | Found a basalt altar of Yredelemnul.
  3751 | D:3      | Killed Natasha
  3751 | D:3      | Reached XP level 7. HP: 54/62 MP: 5/10
  3752 | D:3      | Found a snail-covered altar of Cheibriados.
  4106 | D:4      | Got a jewelled flail
  4107 | D:4      | Identified the +8 flail "Vomus" {crush, rPois Str+4} (You
                  | found it on level 4 of the Dungeon)
  4177 | D:4      | Found Newabopa's Book Emporium.
  4331 | D:5      | Entered Level 5 of the Dungeon
  4389 | D:5      | Noticed Edmund
  4395 | D:5      | Killed Edmund
  4395 | D:5      | Reached skill level 1 in Invocations
  4601 | D:5      | Found a shimmering blue altar of Sif Muna.
  4727 | D:5      | You fall into a shaft and drop 3 floors!
  4728 | D:8      | Noticed a basilisk
  4892 | D:8      | HP: 1/62 [ogre/+0 giant club (17)]
  5259 | D:8      | Reached skill level 1 in Air Magic
  5458 | D:8      | Killed a basilisk
  5458 | D:8      | Reached XP level 8. HP: 34/69 MP: 1/12
  5806 | D:8      | Reached * piety under Cheibriados
  5857 | D:8      | Reached skill level 1 in Shields
  5995 | D:7      | Found a sand-covered staircase.
  6045 | D:7      | Learned a level 2 spell: Blink
  6049 | Ossuary  | Entered an ossuary
  6631 | Ossuary  | Reached ** piety under Cheibriados
  7190 | Ossuary  | Reached skill level 1 in Translocations
  7281 | Ossuary  | Gained mutation: Potions are less effective at restoring
                  | your health. [potion of mutation]
  7281 | Ossuary  | Gained mutation: You are frail. (-10% HP) [potion of
                  | mutation]
  7281 | Ossuary  | Gained mutation: Your tail ends in a poisonous barb.
                  | [potion of mutation]
  7282 | Ossuary  | Lost mutation: You are frail. (-10% HP) [potion of
                  | mutation]
  7282 | Ossuary  | Lost mutation: Potions are less effective at restoring your
                  | health. [potion of mutation]
  7282 | Ossuary  | Lost mutation: Your tail ends in a poisonous barb. [potion
                  | of mutation]
  7282 | Ossuary  | Gained mutation: Your muscles are strong. (Str +2) [potion
                  | of mutation]
  7282 | Ossuary  | Gained mutation: You expend magic power (3 MP) to
                  | strengthen your wands. [potion of mutation]
  7409 | D:6      | Learned a level 3 spell: Conjure Flame
  7846 | D:6      | Reached skill level 1 in Conjurations
  7848 | D:6      | Reached XP level 9. HP: 65/78 MP: 7/14
  7948 | D:6      | Reached *** piety under Cheibriados
  8049 | D:6      | Found a stormy altar of Qazlal.
  8050 | D:6      | Found a white marble altar of Elyvilon.
  8301 | D:5      | Found a hazy altar of Hepliaklqana.
  8548 | D:6      | Found a glowing golden altar of the Shining One.
  8548 | D:6      | Found a shattered altar of Ashenzari.
  8582 | D:6      | Reached skill level 1 in Fire Magic
  8824 | D:7      | Found a staircase to the Ecumenical Temple.
  8847 | D:7      | Noticed a hellwing
  8860 | D:7      | Noticed a hellwing
  9215 | D:7      | Reached skill level 5 in Fighting
  9215 | D:7      | Reached skill level 5 in Armour
  9649 | D:7      | Reached **** piety under Cheibriados
  9931 | D:7      | Reached XP level 10. HP: 87/90 MP: 17/17
 10628 | D:8      | Reached skill level 5 in Spellcasting
 11436 | D:9      | Noticed Joseph
 11452 | D:9      | Killed Joseph
 11917 | D:9      | Learned a level 4 spell: Olgreb's Toxic Radiance
 11972 | D:9      | Found Faen's Weapon Emporium.
 11972 | D:9      | Found a staircase to the Orcish Mines.
 12497 | D:10     | Entered Level 10 of the Dungeon
 12610 | D:10     | Reached ***** piety under Cheibriados
 13519 | D:10     | Reached XP level 11. HP: 99/99 MP: 4/21
 13626 | D:10     | Reached skill level 5 in Axes
 15017 | D:10     | Found a staircase to the Lair.
 15150 | D:10     | Noticed a red ugly thing
 15159 | D:10     | Killed a red ugly thing
 15159 | D:10     | Reached skill level 5 in Invocations
 15624 | D:11     | Noticed a white ugly thing
 15634 | D:11     | Killed a cyan ugly thing
 15643 | D:11     | Noticed a purple ugly thing
 15654 | D:11     | Killed a purple ugly thing
 16095 | D:11     | Reached skill level 5 in Stealth
 16095 | D:11     | Reached XP level 12. HP: 109/109 MP: 24/24
 16131 | D:11     | Found a runed translucent gate.
 16132 | D:11     | Found a runed translucent gate.
 16136 | D:11     | Found a runed translucent gate.
 16199 | D:11     | Noticed a minotaur
 16201 | D:11     | Noticed nht's ghost (journeyman TrMo)
 16378 | D:11     | Reached ****** piety under Cheibriados
 16436 | D:11     | Found Defepea's Jewellery Shoppe.
 16450 | D:11     | Bought a +5 amulet of reflection for 618 gold pieces
 20084 | D:13     | Learned a level 3 spell: Mephitic Cloud
 20127 | D:13     | Gained mutation: You can use your snake-like lower body to
                  | constrict enemies. [Naga growth]
 20127 | D:13     | Reached XP level 13. HP: 106/117 MP: 10/25
 20134 | D:13     | Noticed an ironheart preserver
 20151 | D:12     | Killed an ironheart preserver
 21387 | D:13     | Learned a level 1 spell: Apportation
 21451 | D:13     | Found a gate to the Vaults.
 22591 | D:14     | Noticed Nessos
 22600 | D:14     | Killed Nessos
 22840 | D:14     | HP: 1/121 [death knight/+0 great mace (27)]
 23339 | D:15     | Entered Level 15 of the Dungeon
 23894 | D:15     | Noticed an ettin
 23903 | D:15     | Killed an ettin
 24166 | D:15     | Paralysed by an orc sorcerer for 7 turns
 24900 | D:15     | Reached XP level 14. HP: 61/130 MP: 11/26
 25502 | D:15     | Found Qefam's Magic Scroll Emporium.
 25513 | D:15     | Bought a scroll of teleportation for 30 gold pieces
 25513 | D:15     | Bought a scroll of teleportation for 30 gold pieces
 25513 | D:15     | Bought a scroll of enchant armour for 75 gold pieces
 25513 | D:15     | Bought a scroll of identify for 20 gold pieces
 25513 | D:15     | Bought a scroll of identify for 20 gold pieces
 25645 | D:15     | Reached skill level 10 in Fighting
 25794 | D:15     | Found a staircase to the Depths.
 26002 | Lair:1   | Entered Level 1 of the Lair of Beasts
 26240 | Lair:1   | Reached skill level 5 in Dodging
 26926 | Lair:2   | You fall into a shaft and drop 1 floor!
 27024 | Lair:3   | Found a staircase to the Snake Pit.
 27027 | Lair:3   | Noticed Nergalle
 27043 | Lair:3   | Killed Nergalle
 28236 | D:4      | Bought a book of Battle for 400 gold pieces
 28239 | D:4      | Learned a level 2 spell: Song of Slaying
 28243 | D:4      | Learned a level 3 spell: Regeneration
 28520 | Lair:2   | Found a staircase to the Shoals.
 28797 | Lair:2   | Found a runed translucent gate.
 28802 | Lair:2   | Found a runed translucent gate.
 29023 | Lair:2   | Found a runed translucent gate.
 29025 | Lair:2   | Noticed Ilyunwota's ghost (journeyman GnSk)
 29028 | Lair:2   | Found a viscous altar of Jiyva.
 29989 | Lair:4   | Identified 3 scrolls of acquirement
 29993 | Lair:4   | Got a steaming naga barding
 30007 | Lair:4   | Reached skill level 10 in Armour
 30251 | Lair:5   | Reached skill level 1 in Charms
 30263 | Lair:5   | Reached skill level 1 in Necromancy
 30663 | Lair:5   | Identified the -4 naga barding of the Jolly Moons {MR++
                  | rCorr} (You acquired it on level 4 of the Lair of Beasts)
 31275 | Lair:6   | Entered Level 6 of the Lair of Beasts
 31282 | Lair:6   | Reached skill level 5 in Shields
 31629 | Lair:6   | Reached XP level 15. HP: 121/140 MP: 23/27
 32228 | Lair:6   | Found a staircase to the Slime Pits.
 32427 | Lair:6   | Found a runed translucent gate.
 32427 | Lair:6   | Found a runed translucent gate.
 32427 | Lair:6   | Found a viscous altar of Jiyva.
 32427 | Lair:6   | Found a runed translucent gate.
 32427 | Lair:6   | Noticed EnegeticOcto's ghost (journeyman OgGl)
 33265 | Orc:1    | Entered Level 1 of the Orcish Mines
 33265 | Orc:1    | Noticed an orc warlord
 33277 | Orc:1    | Killed an orc warlord
 33995 | Orc:2    | Entered Level 2 of the Orcish Mines
 33995 | Orc:2    | Noticed Azrael
 34223 | Orc:2    | Killed Azrael
 34229 | Orc:2    | Noticed Josephine
 34272 | Orc:2    | Killed Josephine
 34650 | Orc:2    | Found Sedor's Distillery.
 34741 | Orc:2    | Bought a potion of mutation for 112 gold pieces
 34741 | Orc:2    | Lost mutation: Your muscles are strong. (Str +2) [potion of
                  | mutation]
 34741 | Orc:2    | Lost mutation: You expend magic power (3 MP) to strengthen
                  | your wands. [potion of mutation]
 34741 | Orc:2    | Gained mutation: You are partially covered in rugged brown
                  | scales. (AC +1, +3% HP) [potion of mutation]
 34741 | Orc:2    | Gained mutation: You expend magic power (3 MP) to
                  | strengthen your wands. [potion of mutation]
 35021 | Orc:2    | Found a staircase to the Elven Halls.
 35237 | Orc:2    | Found Eryrphair's Food Shoppe.
 35237 | Orc:2    | Found Tiazet's Gadget Shoppe.
 35238 | Orc:2    | Found Otinkeg's Jewellery Shop.
 35243 | Orc:2    | Found Ecygeduo's Weapon Shop.
 35917 | Snake:1  | Entered Level 1 of the Snake Pit
 35935 | Snake:1  | HP: 7/146 [black mamba (14)]
 35942 | Snake:1  | Found a shimmering altar of Xom.
 35947 | Snake:1  | Reached XP level 16. HP: 27/154 MP: 23/29
 35959 | Snake:1  | HP: 7/155 [naga sharpshooter/bolt (22)]
 35959 | Snake:1  | Shot with an arrow by a naga sharpshooter

Levels and vault maps discovered:
D:1:      lightli_arrival_quake, layout_loops_ring, minmay_cut_off
D:2:      layout_loops_cross, first_ration
D:3:      layout_rooms, gammafunk_temple_overflow_pools, portal_sewer_entry_e,
          uniq_sigmund, uniq_natasha
D:4:      layout_cave_pools, serial_glass, glass_columns_a, glass_columns_a,
          serial_shops, kennysheep_little_box
D:5:      layout_basic, overflow_temple_1_default, led_sif_pool, uniq_edmund
D:6:      layout_loops_cross, nicolae_overflow_hidden_temple
D:7:      cheibrodos_grave_circle, layout_layer_cave, temple_statues,
          enter_ossuary_3, grunt_ogre_cave, roderic_lattice_a
D:8:      layout_basic, disabler_island
D:9:      layout_basic, orc_david_3, serial_glass, glass_columns_c,
          glass_columns_c, minmay_strange_pillars, minmay_strange_pillars,
          due_unseen_surprise, minmay_misc_feat_encased, uniq_joseph
D:10:     layout_basic, minmay_lair_entry_grove
D:11:     layout_cave_pods, maelrawn_ghost_gauntlet_escape, serial_shops, shop,
          hangedman_corner_corridor
D:12:     layout_small_grid
D:13:     layout_roguey, skrybe_vaults_entry_preservation, minmay_nine_imps
D:14:     layout_rooms, bh_walls_and_bars, uniq_nessos
D:15:     hangedman_depths_entry_civil_slaughter, layout_loops_corners,
          serial_shops, shop_fountains, st_stairs_10
Lair:1:   layout_layer_cave
Lair:2:   layout_roguey, elwin_shoals_entry_stream, gammafunk_ghost_ooze
Lair:3:   layout_long_grid, guppyfry_snake_entry_island, lemuel_fruit_fields,
          uniq_nergalle
Lair:4:   layout_gridlike, minmay_lair_oklob_chamber
Lair:5:   layout_loops_ring, columned_hall_lemuel, st_stairs_8,
          grunt_megastairs_1
Lair:6:   minmay_lair_end_frog_pond, layout_long_grid,
          nicolae_slime_entry_slimehenge, gammafunk_ghost_ooze,
          serial_bayou_pond_d, serial_bayou_shore_b
Snake:1:  layout_grid_shapes, serial_shops, nicolae_shop_behind_doors,
          basic_altar, uniq_donald, uniq_agnes
Orc:1:    layout_caves, statue_in_the_mist_lemuel
Orc:2:    st_orc_elflike, layout_diamond_mine, serial_shops,
          nicolae_shop_statue_plus, mines3_lemuel, uniq_josephine, uniq_azrael

Skill      XL: |  1  2  3  4  5  6  7  8  9 10 11 12 13 14 15 |
---------------+----------------------------------------------+-----
Poison Magic   | 5 6 7 8 9 |  9.3
Fighting       | 1 2 3 4 5 6 7 8 9 10 11 | 11.4
Armour         | 2 3 4 5 6 7 9 10 11 | 11.2
Axes           | 1 2 3 4 6 7 8 9 |  9.4
Invocations    | 2 3 4 6 8 9 |  9.0
Air Magic      | 1 2 |  2.2
Shields        | 1 2 3 4 5 7 |  7.2
Spellcasting   | 3 4 7 8 9 |  9.8
Translocations | 1 2 |  2.0
Conjurations   | 1 2 3 |  3.0
Fire Magic     | 2 3 |  3.0
Stealth        | 5 6 7 |  7.9
Dodging        | 2 4 5 |  5.5
Charms         | 2 4 |  4.1
Necromancy     | 2 4 |  4.1
Transmutations | |  1.1

Action                   |  1- 3 |  4- 6 |  7- 9 | 10-12 | 13-15 | 16-18 || total
-------------------------+-------+-------+-------+-------+-------+-------++-------
Melee: Unarmed           |     7 |       |       |       |       |       ||     7
       Club              |    60 |     3 |       |       |       |       ||    63
       Hand axe          |       |    58 |    12 |       |       |       ||    70
       Flail             |       |       |   211 |   234 |   607 |     6 ||  1058
       Constrict         |       |       |       |       |   156 |       ||   156
Throw: Dart              |     1 |     4 |     8 |    36 |       |       ||    49
       Throwing net      |       |       |       |     2 |       |       ||     2
       Boomerang         |       |       |       |       |    34 |       ||    34
 Cast: Sting             |    22 |       |     8 |       |       |       ||    30
       Poisonous Vapours |    17 |    16 |    54 |   248 |   238 |       ||   573
       Conjure Flame     |       |       |     2 |     1 |     4 |       ||     7
       Blink             |       |       |     1 |       |     2 |       ||     3
       Olgreb's Toxic Ra |       |       |       |    12 |   101 |       ||   113
       Mephitic Cloud    |       |       |       |       |     1 |       ||     1
       Regeneration      |       |       |       |       |     6 |       ||     6
       Song of Slaying   |       |       |       |       |     5 |       ||     5
Invok: Bend Time         |       |       |     2 |       |     4 |       ||     6
       Slouch            |       |       |       |       |     2 |     1 ||     3
 Abil: Spit Poison       |     4 |       |     1 |       |       |       ||     5
Evoke: Phial of floods   |       |       |       |     1 |     1 |       ||     2
       Wand              |       |       |       |       |     7 |       ||     7
  Use: Scroll            |       |     5 |     8 |    10 |    27 |     1 ||    51
       Potion            |       |       |     3 |     1 |     3 |       ||     7
 Stab: Sleeping          |     2 |       |     7 |     4 |     3 |       ||    16
       Paralysed         |       |       |       |       |     2 |       ||     2
       Distracted        |       |       |       |       |     1 |       ||     1
  Eat: Chunk             |     5 |     3 |    20 |     9 |    25 |       ||    62
       Ration            |       |     1 |     1 |       |     3 |       ||     5
Armor: Robe              |    13 |       |       |       |       |       ||    13
       Ring mail         |    28 |    36 |    81 |    34 |       |       ||   179
       Chain mail        |       |       |       |     3 |   204 |     3 ||   210
       Swamp dragon scal |       |       |       |    34 |    93 |       ||   127
Dodge: Dodged            |    58 |    24 |   100 |   130 |   241 |     5 ||   558
Block: Buckler           |       |       |    39 |   108 |   169 |       ||   316
       Reflection        |       |       |       |     2 |    33 |       ||    35
       Shield            |       |       |       |       |   447 |    10 ||   457

Table legend:
 A = Non-vault XP
 B = Vault XP
 C = Vault XP percentage of total XP
 D = Non-vault monster count
 E = Vault monster count
 F = Vault count percentage of total count
                 A         B        C        D         E       F
            +---------+---------+-------+---------+---------+-------
      Total |   74167 |   47329 |  39.0 |     480 |     235 |  32.9
            +---------+---------+-------+---------+---------+-------
        D:1 |      37 |       9 |  19.6 |      19 |       5 |  20.8
        D:2 |      25 |       0 |   0.0 |      12 |       0 |   0.0
        D:3 |     187 |     269 |  59.0 |      30 |      10 |  25.0
        D:4 |      14 |       0 |   0.0 |       6 |       0 |   0.0
        D:5 |     199 |     162 |  44.9 |       4 |       1 |  20.0
        D:6 |     670 |       0 |   0.0 |      24 |       0 |   0.0
        D:7 |     593 |    2816 |  82.6 |      20 |      12 |  37.5
        D:8 |     709 |     299 |  29.7 |      16 |       3 |  15.8
        D:9 |    1389 |     567 |  29.0 |      18 |       6 |  25.0
       D:10 |    3955 |    2104 |  34.7 |      41 |      13 |  24.1
       D:11 |    3544 |     699 |  16.5 |      24 |       6 |  20.0
       D:12 |    2685 |    1775 |  39.8 |      33 |       2 |   5.7
       D:13 |    4540 |     740 |  14.0 |      25 |      14 |  35.9
       D:14 |    5313 |    1408 |  20.9 |      16 |       1 |   5.9
       D:15 |    6019 |    5895 |  49.5 |      20 |       8 |  28.6
     Lair:1 |    2339 |       0 |   0.0 |      13 |       0 |   0.0
     Lair:2 |    1977 |    1314 |  39.9 |       9 |       4 |  30.8
     Lair:3 |    4278 |    1308 |  23.4 |      17 |       4 |  19.0
     Lair:4 |    1898 |     101 |   5.1 |       6 |       1 |  14.3
     Lair:5 |    3120 |    1433 |  31.5 |      13 |       6 |  31.6
     Lair:6 |   14570 |   12540 |  46.3 |      33 |      56 |  62.9
    Snake:1 |    6754 |       0 |   0.0 |      10 |       0 |   0.0
      Orc:1 |    7566 |    3224 |  29.9 |      48 |      11 |  18.6
      Orc:2 |    1786 |   10213 |  85.1 |      23 |      29 |  55.8
      Sewer |       0 |     121 | 100.0 |       0 |       6 | 100.0
    Ossuary |       0 |     332 | 100.0 |       0 |      37 | 100.0
            +---------+---------+-------+---------+---------+-------
